AoeStats
← Buzz Lightyear

Arena

509713561Analyzed
2v2 RM · 6d ago on Sep 27, 2026· 53m 9s· 4 players
Game mode
Random Map
Map size
Medium (4 player)
Population
200
Speed
Normal
Resources
Standard
Victory
Conquest
Starting age
Dark Age
Ending age
Imperial Age
RankedLock teamsTeams togetherTeam positionsShared explorationLock speedFull tech treeHidden civsTurbo modeCheats
Victory
Defeat
🇨🇴 Poles · Colombia
1397
+8
🇺🇸 Cumans · United States
1094
+18
🇵🇪 Poles · Peru
1187
-13
🇵🇪 Cumans · Peru
1185
-13
JAGR | Mazzei10
10:43 Feudal Age
11:24 Double-Bit Axe
11:20 Horse Collar
18:22 Castle Age
18:10 Wheelbarrow
20:27 Bow Saw
20:40 Scale Barding Armor
20:53 Forging
21:16 Heavy Plow
22:05 Bloodlines
24:08 Loom
24:39 Hand Cart
25:09 Chain Barding Armor
26:47 Gold Mining
29:46 Iron Casting
30:27 Town Watch
35:08 Imperial Age
34:45 Town Patrol
35:19 Elite Steppe Lancer
36:36 Plate Barding Armor
38:03 Capped Ram
39:27 Conscription
39:13 Steppe Husbandry
39:19 Siege Ram
41:51 Blast Furnace
42:41 Cavalier
44:00 Paladin
49:23 Chemistry
48:14 Light Cavalry
51:14 Two-Man Saw
50:45 Crop Rotation
49:38 Hussar
Carmelo maradona
6:09 Loom
8:26 Feudal Age
9:07 Double-Bit Axe
13:38 Fletching
27:55 Castle Age
36:35 Pikeman
38:28 Wheelbarrow
46:20 Imperial Age
43:42 Horse Collar
44:02 Man-at-Arms
44:46 Gold Mining
45:03 Squires
44:53 Arson
46:04 Long Swordsman
46:47 Scale Mail Armor
46:59 Forging
47:32 Conscription
47:19 Two-Handed Swordsman
48:29 Chain Mail Armor
48:51 Iron Casting
48:59 Champion
50:12 Plate Mail Armor
51:05 Blast Furnace
51:14 Heavy Plow
Drake
10:37 Feudal Age
10:28 Loom
13:09 Horse Collar
17:51 Double-Bit Axe
17:41 Man-at-Arms
25:06 Castle Age
24:47 Bloodlines
25:14 Light Cavalry
27:42 Gold Mining
27:42 Stone Mining
32:19 Forging
32:14 Scale Barding Armor
33:49 Iron Casting
33:23 Szlachta Privileges
34:05 Wheelbarrow
34:29 Heavy Plow
35:10 Bow Saw
36:08 Chain Barding Armor
39:39 Imperial Age
37:31 Long Swordsman
37:31 Pikeman
38:14 Squires
37:59 Arson
38:16 Scale Mail Armor
41:05 Chain Mail Armor
41:50 Blast Furnace
40:14 Cavalier
45:23 Conscription
45:24 Husbandry
46:27 Crop Rotation
45:45 Town Watch
47:43 Plate Mail Armor
50:00 Hand Cart
49:45 Town Patrol
Buzz Lightyear
6:52 Loom
10:04 Feudal Age
10:43 Double-Bit Axe
24:25 Castle Age
24:39 Forging
24:48 Town Watch
25:30 Pikeman
26:42 Scale Mail Armor
32:47 Bow Saw
39:36 Chain Mail Armor
43:57 Imperial Age
52:10 Iron Casting
51:48 Halberdier
Connection lost

Rejoining the realm…

Still unreachable

The connection could not be restored.

Session expired

The server has moved on; the page needs a fresh start.